 Seeded DCSS version 0.29-a0-1009-g60c99734e7 (webtiles) character file.

Game seed: 20220808 (custom seed)

3691 purpskrrrp the Covert (level 10, 0/79 HPs)
             Began as a Formicid Hunter on Aug 8, 2022.
             Succumbed to a killer bee's poison
             ... on level 10 of the Dungeon.
             The game lasted 00:15:06 (6097 turns).

purpskrrrp the Covert (Formicid Hunter)             Turns: 6097, Time: 00:15:07

Health: 0/79       AC: 10    Str: 20    XL:     10   Next: 35%
Magic:  10/10      EV: 12    Int:  9    God:
Gold:   422        SH:  0    Dex: 17    Spells: 9/9 levels left

rFire   . . .      SeeInvis +   d - +3 giant club (spect)
rCold   . . .      Faith    .   (shield currently unavailable)
rNeg    . . .      Spirit   .   c - +0 leather armour
rPois   .          Reflect  .   (helmet unavailable)
rElec   .          Harm     .   C - +0 cloak
rCorr   .          Rampage  .   x - +1 pair of gloves
Will    +....                   f - +2 pair of boots
Stlth   ++++......              (no amulet)
HPRegen 0.23/turn               (no ring)
MPRegen 0.12/turn               (no ring)

@: lethally poisoned (0 -> -7)
A: permanent stasis, dig shafts and tunnels, antennae 3, four strong arms
a: Dig, Shaft Self


You were on level 10 of the Dungeon.
You visited 1 branch of the dungeon, and saw 10 of its levels.

You collected 466 gold pieces.
You spent 44 gold pieces at shops.

Inventory:

Hand Weapons
 a - a +0 shortbow
 d - a +3 spectral giant club (weapon)
Missiles
 h - 35 poisoned darts
Armour
 c - a +0 leather armour (worn)
 f - a +2 pair of boots (worn)
 x - a +1 pair of gloves (worn)
 C - a +0 cloak (worn)
Jewellery
 e - an amulet of faith
 l - an amulet of guardian spirit
 H - a ring of magical power
Wands
 t - a wand of roots (39)
 v - a wand of paralysis (13)
 G - a wand of acid (4)
Scrolls
 b - 2 scrolls of immolation
 k - 4 scrolls of blinking {unknown}
 o - 5 scrolls of identify
 q - a scroll of summoning {unknown}
 r - 2 scrolls of teleportation {unknown}
 u - a scroll of silence {unknown}
 y - a scroll of fear {unknown}
 z - a scroll of magic mapping {unknown}
 A - 2 scrolls of noise
 E - a scroll of enchant weapon {unknown}
 F - a scroll of enchant armour
Potions
 g - 9 potions of curing {unknown}
 i - 2 potions of might {unknown}
 j - 3 potions of attraction {unknown}
 m - 3 potions of brilliance {unknown}
 n - a potion of mutation {unknown}
 p - a potion of magic {unknown}
 s - 2 potions of resistance {unknown}
 w - a potion of cancellation {unknown}
 B - 6 potions of heal wounds {unknown}
 D - a potion of lignification {unknown}


   Skills:
 + Level 7.1 Fighting
 + Level 6.0 Maces & Flails
 - Level 5.3 Ranged Weapons
 + Level 6.6 Armour
 - Level 1.8 Dodging
 + Level 8.2 Stealth
 + Level 6.2 Evocations


You had 9 spell levels left.
You didn't know any spells.
Your spell library contained the following spells:

 Spells                   Type           Power      Damage    Failure   Level
 Beastly Appendage        Tmut           0%         N/A       43%         1
 Poisonous Vapours        Pois/Air       0%         N/A       56%         2
 Wereblood                Tmut           0%         N/A       56%         2
 Conjure Flame            Conj/Fire      0%         6-21      80%         3
 Gell's Gravitas          Tloc           0%         N/A       80%         3
 Ignite Poison            Fire/Tmut/Pois 0%         N/A       80%         3
 Lesser Beckoning         Tloc           0%         N/A       80%         3
 Spider Form              Tmut/Pois      0%         N/A       80%         3
 Teleport Other           Tloc           0%         N/A       80%         3
 Animate Armour           Summ/Erth      0%         N/A       99%         4
 Sticky Flame             Conj/Fire      0%         2d3       99%         4
 Eringya's Noxious Bog    Tmut/Pois      0%         N/A       100%        6


Dungeon Overview and Level Annotations

Branches:
Dungeon (9/15)             Temple (0/1) D:5            Lair (0/5) D:8
    Orc: D:9-12

Altars:
Makhleb
Xom

Shops:
D:2 *   D:6 (

Annotations:
D:6 2 transporters


Innate Abilities, Weirdness & Mutations

You cannot be hasted, slowed, berserked, paralysed or teleported.
You can dig through walls and to a lower floor.
You have a pair of large antennae on your head. (SInv)
Your four strong arms can wield two-handed weapons with a shield.


Message History

You feel very sick.
You hear a shout! x6
The killer bee stings you but does no damage. x3
The killer bee completely misses you. The killer bee closely misses you.
The killer bee barely misses you. The killer bee misses you.
The killer bee stings you but does no damage.
Okay, then.
You feel sick. The killer bee closely misses you.
The killer bee barely misses you.
There is an escape hatch in the floor here.
You feel sick. The killer bee closely misses you.
The killer bee barely misses you.
The killer bee stings you but does no damage.
The killer bee barely misses you.
You slide downwards.
The hatch slams shut behind you.
You feel sick.
Are you sure you want to shaft yourself?
You feel sick.
The killer bee buzzes angrily. x4
The killer bee closely misses you. The killer bee stings you.
* * * LOW HITPOINT WARNING * * *
The killer bee completely misses you. The killer bee stings you!
* * * LOW HITPOINT WARNING * * *
You are lethally poisoned!
The killer bee poisons you!
The centaur shouts!
You begin to dig a shaft.
You continue digging a shaft.
* * * LOW HITPOINT WARNING * * *
You feel very sick.
The killer bee buzzes angrily.
The killer bee closely misses you.
The killer bee stings you but does no damage. x2
The killer bee barely misses you.
The killer bee stings you but does no damage.
The centaur hits you.
* * * LOW HITPOINT WARNING * * *
The centaur kicks you but does no damage.
A shaft appears beneath you!
You fall into a shaft and drop 1 floor!
The shaft crumbles and collapses.
You die...

# .##..
###......
#@..#
#...###
#...###
....##
###


There were no monsters in sight!

Vanquished Creatures
  Joseph (D:8)
  Sigmund (D:3)
  A wyvern (D:7)
  2 wargs (D:8)
  2 water moccasins
  An orc warrior (D:8)
  A sky beast (D:7)
  2 black bears
  2 centaurs
  3 kobold brigands
  A bullfrog (D:8)
  A necrophage (D:6)
  2 scorpions
  13 wights (D:8)
  2 killer bees (D:8)
  2 howler monkeys
  3 hounds
  2 jellies
  A gnoll bouda (D:5)
  An orc priest (D:8)
  Jessica (D:3)
  Ijyb (D:3)
  Natasha (thrice) (D:4)
  7 iguanas
  4 orc wizards
  Robin (D:3)
  5 gnolls (D:5)
  7 adders
  2 white imps
  3 worms
  27 orcs
  4 bats
  6 endoplasms
  4 giant cockroaches
  13 goblins
  9 hobgoblins
  9 jackals
  19 kobolds
  2 quokkas
  5 ball pythons
  2 frilled lizards
  3 rats
  A butterfly (D:5)
182 creatures vanquished.

Vanquished Creatures (others)
  3 plants
3 creatures vanquished.

Grand Total: 185 creatures vanquished

Notes
Turn   | Place    | Note
-------+----------+-------------------------------------------
     0 | D:1      | purpskrrrp the Formicid Hunter began the quest for the Orb.
     0 | D:1      | Reached XP level 1. HP: 16/16 MP: 1/1
   172 | D:1      | Reached XP level 2. HP: 22/22 MP: 2/2
   563 | D:1      | Identified a scroll of acquirement
   563 | D:1      | Acquired a +3 spectral giant club
   602 | D:2      | Reached XP level 3. HP: 26/27 MP: 3/3
   706 | D:2      | Found a faded altar of an unknown god.
   933 | D:2      | Found Wigg's General Store.
   972 | D:2      | Bought a scroll of identify for 22 gold pieces
   972 | D:2      | Bought a scroll of identify for 22 gold pieces
  1288 | D:3      | Noticed Ijyb
  1291 | D:3      | Killed Ijyb
  1292 | D:3      | Reached XP level 4. HP: 34/34 MP: 4/4
  1298 | D:3      | Reached skill level 2 in Stealth
  1300 | D:3      | Reached skill level 1 in Armour
  1306 | D:3      | Reached skill level 1 in Maces & Flails
  1407 | D:3      | Reached XP level 5. HP: 38/40 MP: 5/5
  1445 | D:3      | Noticed Robin
  1452 | D:3      | Reached skill level 5 in Ranged Weapons
  1458 | D:3      | Killed Robin
  1603 | D:3      | Noticed Jessica
  1609 | D:3      | Killed Jessica
  1715 | D:3      | Noticed Sigmund
  1722 | D:3      | Killed Sigmund
  1723 | D:3      | Reached skill level 3 in Stealth
  1723 | D:3      | Reached skill level 1 in Evocations
  1723 | D:3      | Reached XP level 6. HP: 47/47 MP: 6/6
  2425 | D:4      | Reached XP level 7. HP: 52/52 MP: 7/7
  2522 | D:4      | Noticed Natasha
  2529 | D:4      | Killed Natasha
  2747 | D:4      | Reached skill level 4 in Stealth
  2964 | D:4      | Noticed Natasha
  2967 | D:4      | Killed Natasha
  3041 | D:4      | Identified the +6 trident "Rooxt" {vamp, rN+ MP+9 Str+2}
  3132 | D:4      | Noticed Natasha
  3147 | D:4      | Killed Natasha
  3154 | D:5      | Entered Level 5 of the Dungeon
  3195 | D:5      | Found a shimmering altar of Xom.
  3207 | D:5      | Found a staircase to the Ecumenical Temple.
  3382 | D:5      | Reached XP level 8. HP: 47/60 MP: 8/8
  4000 | D:5      | Reached skill level 5 in Stealth
  4526 | D:6      | Found a transporter.
  4540 | D:6      | Found a transporter.
  4549 | D:6      | Reached skill level 5 in Fighting
  4619 | D:6      | Found Veqom's Weapon Shop.
  4965 | D:7      | Reached skill level 6 in Stealth
  4965 | D:7      | Reached XP level 9. HP: 68/68 MP: 9/9
  5173 | D:7      | Got the Precepts of Putrid Generation
  5212 | D:7      | Reached skill level 5 in Armour
  5227 | D:7      | Found a burning altar of Makhleb.
  5501 | D:8      | Reached skill level 5 in Evocations
  5505 | D:8      | Reached skill level 5 in Maces & Flails
  5505 | D:8      | Reached skill level 7 in Stealth
  5515 | D:8      | Noticed Joseph
  5522 | D:8      | Killed Joseph
  5541 | D:8      | Reached XP level 10. HP: 49/76 MP: 10/10
  5946 | D:8      | Reached skill level 8 in Stealth
  5961 | D:8      | Found a staircase to the Lair.
  6096 | D:9      | HP: 3/79 [poisoned by a killer bee]
  6096 | D:9      | HP: 1/79 [centaur (2)]
  6097 | D:9      | You fall into a shaft and drop 1 floor!
  6097 | D:10     | Entered Level 10 of the Dungeon
  6097 | D:10     | Succumbed to a killer bee's poison

Illustrated notes

Levels and vault maps discovered:
D:1:      sevenhm_arrival_forest_fort_small_4, layout_loops_cross
D:2:      layout_basic, serial_shops, shop, basic_ecumenical_altar
D:3:      wad_river_or_something, layout_basic, uniq_jessica, uniq_sigmund,
          uniq_ijyb, uniq_robin
D:4:      minmay_spotlight, layout_loops_ring, uniq_natasha
D:5:      layout_layer_cave, xom_butterflies, minmay_temple_entry_sparse_star,
          serial_bayou_lagoon_b
D:6:      gammafunk_steamed_eel, layout_basic, serial_shops,
          nicolae_shop_bloodbath_and_beyond
D:7:      layout_cave_pools, mainiacjoe_overflow_catwalk,
          minmay_misc_feat_four_crosses
D:8:      layout_cave_pools, mainiacjoe_overflow_large_starburst,
          beargit_hepliaklqana_dungeon_heroes, erik_lair_orcish_takeover,
          uniq_joseph
D:9:      layout_stronghold, grunt_qazlal_clouds, orc_0_dummy,
          serial_column_ruins, column_ruins_hut, column_ruins_hut,
          column_ruins_grid_1, column_ruins_columns_straight,
          column_ruins_open_small, column_ruins_grid_1,
          column_ruins_columns_straight, grunt_ministairs_15
D:10:     minmay_skewed_foursquare, layout_cave_pools, elyvilon_altar_5,
          mainiacjoe_overflow_paths, fiery_altar_vehumet, hangedman_ru_absence,
          nicolae_wu_jian_immortal_techniques

Skill      XL: |  1  2  3  4  5  6  7  8  9 10 |
---------------+-------------------------------+-----
Stealth        | 2 3 4 6 7 8 |  8.2
Armour         | 1 2 3 4 5 6 |  6.6
Maces & Flails | 1 2 3 4 5 6 |  6.0
Ranged Weapons | 5 |  5.3
Fighting       | 3 4 5 6 7 |  7.1
Evocations     | 1 2 4 5 6 |  6.2
Dodging        | |  1.8

Action                   |  1- 3 |  4- 6 |  7- 9 | 10-12 || total
-------------------------+-------+-------+-------+-------++-------
Melee: Giant club        |    12 |    65 |   145 |    46 ||   268
 Fire: Shortbow          |    38 |       |       |       ||    38
 Abil: Shaft Self        |       |       |       |     1 ||     1
  Use: Scroll            |     1 |     2 |       |     1 ||     4
 Stab: Sleeping          |     1 |     6 |    13 |       ||    20
       Distracted        |       |     1 |       |     1 ||     2
Armor: Leather armour    |     9 |    24 |    58 |    49 ||   140
Dodge: Dodged            |     9 |    45 |    90 |    84 ||   228

Table legend: (Time is in decaauts)
 A = Elapsed time spent in this place.
 B = Non-inter-level travel time spent in this place.
 C = Inter-level travel time spent in this place.
 D = Time resting spent in this place.
 E = Time spent auto-exploring this place.
 F = Levels seen in this place.
 G = Mean time per level.
                   A        B        C        D        E       F      G
               +--------+--------+--------+--------+--------+-----+--------+
         Total |   6246 |   6126 |    120 |    306 |   4674 |  10 |  624.6 |
       Dungeon |   6246 |   6126 |    120 |    306 |   4674 |  10 |  624.6 |
               +--------+--------+--------+--------+--------+-----+--------+

Top non-repeatable levels by time:
     D:5: 1398 daAuts
     D:3: 1063 daAuts
     D:4: 886 daAuts
     D:7: 766 daAuts
     D:2: 693 daAuts
     D:1: 595 daAuts
     D:6: 441 daAuts
     D:8: 397 daAuts
     D:9: 2 daAuts
